 Dungeon Crawl Stone Soup version 0.22.1-1-ga44c0e5 (webtiles) character file.

107 Irenicus the Insei (level 4, -3/31 HPs)
             Began as an Octopode Chaos Knight on Sept 24, 2018.
             Slain by Eustachio
             ... wielding a +0 rapier
              (9 damage)
             ... on level 4 of the Dungeon.
             The game lasted 00:04:40 (702 turns).

Irenicus the Insei (Octopode Chaos Knight)           Turns: 702, Time: 00:04:40

Health: -3/31      AC:  1    Str: 11    XL:     4   Next: 86%
Magic:  4/4        EV: 13    Int: 14    God:    Xom [.....*]
Gold:   67         SH:  0    Dex: 12    Spells: 3/3 levels left

rFire    . . .     SeeInvis .     - Unarmed
rCold    . . .     Gourm    .   (no shield)
rNeg     . . .     Faith    .   (helmet restricted)
rPois    .         Spirit   .   (no amulet)
rElec    .         Reflect  .   g - ring of teleportation (curse)
rCorr    .         Harm     .   (no ring)
MR       .....     Rnd*Tele +   (no ring)
Stlth    ++........             (no ring)
HPRegen  0.10/turn              (no ring)
MPRegen  0.09/turn              (no ring)
                                (no ring)
                                (no ring)

@: no status effects
A: almost no armour, stealthy swim, amphibious, 8 rings, constrict 8, camouflage
1, gelatinous body 1
a: Renounce Religion


You were on level 4 of the Dungeon.
You worshipped Xom.
You were Xom's teddy bear.
You were not hungry.

You visited 1 branch of the dungeon, and saw 4 of its levels.

You collected 67 gold pieces.

Inventory:

Jewellery
 g - a cursed ring of teleportation (left tentacle)
Scrolls
 b - a scroll of enchant armour {unknown}
 c - 2 scrolls of identify
 e - a scroll of fog {unknown}
 f - a scroll of amnesia {unknown}
 h - a scroll of blinking
Potions
 d - a potion of curing
Comestibles
 a - 3 rations


   Skills:
 - Level 3.0 Fighting
 - Level 2.3 Dodging
 + Level 5.4 Unarmed Combat


You had 3 spell levels left.
You didn't know any spells.
Your spell library was empty.

Dungeon Overview and Level Annotations

Branches:
Dungeon (4/15)
 Temple: D:4-7

Altars:
Gozag
Nemelex Xobeh
Vehumet
Xom
The Shining One

Annotations:
D:4 Eustachio


Innate Abilities, Weirdness & Mutations

You cannot wear most types of armour.
You are very stealthy in the water. (Stealth+)
You are amphibious.
You can wear up to eight rings at the same time.
You can use your tentacles to constrict eight enemies at once.
Your skin changes colour to match your surroundings (Stealth+).
Your rubbery body absorbs attacks. (AC +1, EV +1)


Message History

What are your orders? t - Shout!
Orders for allies: a - Attack new target. p - Attack previous target. r - Retreat! s - Stop attacking. g - Guard the area. f - Follow me.
Anything else - Cancel.
Gang up on whom?
Press: ? - help, Dir - move target cursor, f/p - Eustachio
Aim: Eustachio, wielding a rapier and wearing a leather armour (moderately Attack!
Eustachio mumbles some strange words.
Eustachio blinks!
You swap places.
Eustachio casts a spell.
You see here a short sword.
You swap places.
Things that are here:
a dagger; a robe Eustachio hits you with a rapier!
You die...

.## #.# #..# # ..# #.##
..# #.# ..# #.# #.# #.#
## #.# .. ##.# ###
#####.########@#.......
........XXXX).@.######.
#######.#######.5....
#.# ...... #.# #......
#.# .##### #.# .# #.#
.. #.#


You could see Eustachio, a white imp, a friendly tentacled monstrosity and 3
friendly large abominations.

Vanquished Creatures
  A howler monkey (D:4)
  2 adders (D:3)
  A dart slug (D:4)
  3 orcs
  3 giant cockroaches
  4 goblins
  4 hobgoblins (D:1)
  3 jackals (D:1)
  A quokka (D:2)
  A bat (D:1)
  A frilled lizard (D:2)
  6 kobolds
  2 rats
32 creatures vanquished.

Vanquished Creatures (collateral kills)
  An orc wizard (D:4)
1 creature vanquished.

Grand Total: 33 creatures vanquished

Notes
Turn   | Place    | Note
-------+----------+-------------------------------------------
     0 | D:1      | Irenicus the Octopode Chaos Knight began the quest for the
                  | Orb.
     0 | D:1      | Reached XP level 1. HP: 16/16 MP: 1/1
     0 | D:1      | Noticed an elf
     0 | D:1      | Noticed a formicid
     1 | D:1      | Noticed a vine stalker
     1 | D:1      | Noticed a human
     2 | D:1      | Noticed an elf
     4 | D:1      | Noticed a gargoyle
     6 | D:1      | Noticed a draconian
     7 | D:1      | Noticed a centaur
     8 | D:1      | Noticed a minotaur
     9 | D:1      | Noticed a vampire
    11 | D:1      | Noticed a centaur
    13 | D:1      | Noticed a troll
    14 | D:1      | Noticed a centaur
    17 | D:1      | Noticed a troll
    17 | D:1      | Noticed a vine stalker
    19 | D:1      | Noticed a naga
    19 | D:1      | Noticed a naga
   263 | D:1      | Reached XP level 2. HP: 17/21 MP: 2/2
   352 | D:1      | Reached skill level 4 in Unarmed Combat
   357 | D:1      | You fall through a shaft!
   371 | D:3      | Found a glowing golden altar of the Shining One.
   392 | D:3      | Found a radiant altar of Vehumet.
   497 | D:3      | Reached XP level 3. HP: 12/26 MP: 3/3
   606 | D:4      | Found a sparkling altar of Nemelex Xobeh.
   606 | D:4      | Found an opulent altar of Gozag.
   609 | D:4      | Found a shimmering altar of Xom.
   613 | D:4      | Reached skill level 5 in Unarmed Combat
   613 | D:4      | Reached XP level 4. HP: 8/31 MP: 4/4
   646 | D:4      | XOM: medium Chrm miscast
   669 | D:4      | Noticed Eustachio
   671 | D:4      | XOM: confuse monster(s)
   688 | D:4      | XOM: cast spell 'Summon Horrible Things'
   702 | D:4      | Slain by Eustachio

Skill      XL: |  1  2  3 |
---------------+----------+-----
Unarmed Combat | 4 5 |  5.4
Fighting       | |  3.0
Dodging        | |  2.3

Action                   |  1- 3 |  4- 6 || total
-------------------------+-------+-------++-------
Melee: Unarmed           |    65 |    11 ||    76
       Constrict         |    19 |     3 ||    22
       Tentacles         |    17 |       ||    17
       Punch             |     1 |     1 ||     2
  Use: Scroll            |     1 |       ||     1
       Potion            |     1 |       ||     1
 Stab: Sleeping          |     3 |       ||     3
Armor: Skin              |     4 |       ||     4
Dodge: Dodged            |    35 |     3 ||    38
